 Dungeon Crawl Stone Soup version 0.24-a0-585-g5c5dc1b5cb (webtiles) character file.

Game seed: 10824309666322016907, levelgen mode: deterministic

847 Mithandil the Conjurer (level 8, -5/45 HPs)
             Began as a Tengu Conjurer on Sept 7, 2019.
             Killed from afar by an orc wizard (18 damage)
             ... with a bolt of acid
             ... on level 5 of the Dungeon.
             The game lasted 00:27:37 (5889 turns).

Mithandil the Conjurer (Tengu Conjurer)             Turns: 5889, Time: 00:27:37

Health: -5/45      AC:  7    Str: 10    XL:     8   Next: 0%
Magic:  0/15       EV: 14    Int: 15    God:
Gold:   177        SH:  0    Dex: 16    Spells: 8/15 levels left

rFire    . . .     SeeInvis .   a - +0 dagger
rCold    . . .     Gourm    .   (no shield)
rNeg     . . .     Faith    .   j - +0 ring mail
rPois    .         Spirit   .   (helmet restricted)
rElec    .         Reflect  .   (no cloak)
rCorr    .         Harm     .   d - +1 pair of gloves
MR       +....                  (boots unavailable)
Stlth    ++........             (no amulet)
HPRegen  0.15/turn              x - ring of protection from magic
MPRegen  0.14/turn              (no ring)

@: flying quickly and evasively, quick
A: beak, talons 3, able to fly
a: Stop Flying


You were on level 5 of the Dungeon.
You were not hungry.

You visited 1 branch of the dungeon, and saw 6 of its levels.

You collected 177 gold pieces.

Inventory:

Hand Weapons
 a - a +0 dagger (weapon)
 b - a +0 hunting sling
 f - a +0 war axe of freezing
 m - a +0 long sword
 n - a +2 flail of holy wrath
 o - a +0 short sword
 u - a +0 trident
Missiles
 h - 20 bolts
 i - 104 stones
 t - 8 poisoned darts
 v - 9 boomerangs (quivered)
Armour
 d - a +1 pair of gloves (worn)
 j - a +0 ring mail (worn)
Jewellery
 x - a ring of protection from magic (left hand)
Wands
 q - a wand of flame (11)
 s - a wand of polymorph (9)
Scrolls
 k - a scroll of enchant armour
 p - 2 scrolls of teleportation
 r - 2 scrolls of identify
 y - a scroll of magic mapping {unknown}
Potions
 e - a potion of might
 g - a potion of heal wounds
 w - a potion of curing
 z - a potion of magic
Comestibles
 c - 10 rations


   Skills:
 + Level 2.7 Fighting
 * Level 3.9 Short Blades
 + Level 3.9 Dodging
 + Level 3.5 Stealth
 * Level 4.2 Spellcasting
 * Level 7.6 Conjurations


You had 8 spell levels left.
You knew the following spells:

 Your Spells              Type           Power        Failure   Level  Hunger
a - Magic Dart            Conj           ####         1%          1    None
b - Searing Ray           Conj           ####..       3%          2    ##.....
c - Force Lance           Conj/Tloc      ##......     67%         4    ####...

Your spell library contained the following spells:

 Spells                   Type           Power        Failure   Level  Hunger
 Iskenderun's Mystic Bla  Conj           ####....     21%         4    ####...
 Dazzling Spray           Conj/Hex       ##....       28%         3    ###....
 Animate Skeleton         Necr           N/A          43%         1    None
 Apportation              Tloc           #.....       43%         1    None
 Confusing Touch          Hex            #.....       43%         1    None
 Summon Small Mammal      Summ           #...         43%         1    None
 Fulminant Prism          Conj/Hex       ##........   67%         4    ####...


Dungeon Overview and Level Annotations

Branches:
Dungeon (6/15)
 Temple: D:4-7

Altars:
Makhleb
Okawaru
Qazlal
Zin


Innate Abilities, Weirdness & Mutations

You have a beak for a mouth.
You have claws for feet.
You can fly continuously.


Message History

Aiming: Throw Flame
Press: ? - help, Shift-Dir - straight line, f/p - orc
Aim: an orc, wielding a +0 dagger The puff of flame hits something.
Aiming: Throw Flame
Press: ? - help, Shift-Dir - straight line, f/p - orc
Aim: an orc, wielding a +0 dagger The puff of flame hits something.
You hear some strange, mumbled words.
A puff of flame appears from out of thin air!
The puff of flame misses you.
Aiming: Throw Flame
Press: ? - help, Shift-Dir - straight line, f/p - orc
Aim: an orc, wielding a +0 dagger The puff of flame hits the orc.
The orc is severely wounded.
You hear a zap.
A bolt of acid appears from out of thin air!
The bolt of acid hits you!!
You die...

### ..o...s ..?
...... ?.. .....
####### #...#
#.....# #)..
#.._..# #.. #
#.....# #o# #
####'### #)# #
#..#.# #@# ####
#....# #.#
...####..### #.#
.........# #.#
....###..# #.#
......<..#######.##
#.#####...........#
##.#####.#######.##
.........# ###


You could see an orc.

Vanquished Creatures
  Grinder (D:3)
  A phantom (D:4)
  An ogre (D:4)
  A bullfrog (D:3)
  A scorpion (D:5)
  A centaur zombie (D:5)
  A hound (D:1)
  An orc priest (D:5)
  Terence (D:1)
  2 worker ants
  Robin (D:2)
  6 adders
  3 oozes (D:1)
  4 worms
  4 dart slugs
  2 leopard geckos
  11 orcs
  9 giant cockroaches
  17 goblins
  12 hobgoblins
  3 jackals (D:1)
  A quokka (D:3)
  3 ball pythons
  9 bats
  7 frilled lizards
  9 kobolds
  7 rats
119 creatures vanquished.

Notes
Turn   | Place    | Note
-------+----------+-------------------------------------------
     0 | D:1      | Mithandil the Tengu Conjurer began the quest for the Orb.
     0 | D:1      | Reached XP level 1. HP: 10/10 MP: 4/4
   147 | D:1      | Reached XP level 2. HP: 11/16 MP: 0/6
   151 | D:1      | Learned a level 2 spell: Searing Ray
   346 | D:2      | Noticed Terence
   402 | D:1      | Reached XP level 3. HP: 20/20 MP: 5/7
   769 | D:1      | HP: 1/20 [Terence/+2 flail of holy wrath (8)]
   770 | D:1      | Killed Terence
   770 | D:1      | Reached skill level 1 in Fighting
   770 | D:1      | Reached skill level 1 in Short Blades
   770 | D:1      | Reached XP level 4. HP: 2/25 MP: 4/8
  1885 | D:1      | Reached skill level 6 in Conjurations
  2157 | D:2      | Found a burning altar of Makhleb.
  2196 | D:2      | Gained mutation: You can fly continuously. [Tengu growth]
  2196 | D:2      | Reached XP level 5. HP: 29/29 MP: 2/10
  2202 | D:2      | Learned a level 4 spell: Force Lance
  2539 | D:3      | Noticed Robin
  2728 | D:2      | Killed Robin
  2876 | D:4      | Noticed a phantom
  3285 | D:3      | Reached XP level 6. HP: 35/35 MP: 4/11
  3356 | D:3      | Noticed Grinder
  3359 | D:3      | Paralysed by Grinder for 5 turns
  3368 | D:3      | Paralysed by Grinder for 7 turns
  3377 | D:3      | Killed Grinder
  3704 | D:3      | Found an iron altar of Okawaru.
  3710 | D:3      | Reached XP level 7. HP: 40/40 MP: 8/13
  4115 | D:4      | Reached skill level 7 in Conjurations
  5084 | D:5      | Entered Level 5 of the Dungeon
  5090 | D:5      | Found a glowing silver altar of Zin.
  5625 | D:5      | Found a stormy altar of Qazlal.
  5878 | D:5      | Reached XP level 8. HP: 45/45 MP: 5/15
  5889 | D:5      | Killed from afar by an orc wizard

Levels and vault maps discovered:
D:1:      dpeg_arrival_short_road, layout_loops_ring
D:2:      layout_rooms, makhleb_heckhound_becter, uniq_terence
D:3:      layout_basic, first_ration, okawaru_gym_becter, uniq_robin,
          uniq_grinder
D:4:      layout_gridville, gup_sewer_entry_spiral, lemuel_tele_altar
D:5:      layout_loops_ring, zin_scriptorium, nicolae_qazlal_eye_of_the_storm,
          uniq_menkaure
D:6:      layout_basic, basic_altar

Skill      XL: |  1  2  3  4  5  6  7 |
---------------+----------------------+-----
Fighting       | 1 2 |  2.7
Short Blades   | 1 2 3 |  3.9
Conjurations   | 6 7 |  7.6
Dodging        | 3 |  3.9
Spellcasting   | 3 4 |  4.2
Stealth        | 3 |  3.5

Action                   |  1- 3 |  4- 6 |  7- 9 || total
-------------------------+-------+-------+-------++-------
Melee: Unarmed           |     9 |       |       ||     9
       Kick              |     7 |     6 |     9 ||    22
       Peck              |     1 |     7 |     4 ||    12
       Dagger            |    10 |    44 |    34 ||    88
 Cast: Magic Dart        |    40 |    71 |    82 ||   193
       Searing Ray       |     2 |    12 |    10 ||    24
 Abil: Fly               |       |     1 |       ||     1
Evoke: Wand              |       |     2 |     3 ||     5
  Use: Potion            |     1 |     3 |     3 ||     7
       Scroll            |       |       |     7 ||     7
 Stab: Sleeping          |     1 |       |     1 ||     2
       Distracted        |     1 |       |       ||     1
  Eat: Chunk             |       |    11 |     6 ||    17
Armor: Robe              |     5 |    20 |       ||    25
       Ring mail         |       |    16 |    15 ||    31
Dodge: Dodged            |    19 |   106 |    31 ||   156

Table legend:
 A = Non-vault XP
 B = Vault XP
 C = Vault XP percentage of total XP
 D = Non-vault monster count
 E = Vault monster count
 F = Vault count percentage of total count
                 A         B        C        D         E       F
            +---------+---------+-------+---------+---------+-------
      Total |     789 |     421 |  34.8 |      95 |      24 |  20.2
            +---------+---------+-------+---------+---------+-------
        D:1 |      70 |      79 |  53.0 |      32 |       2 |   5.9
        D:2 |      58 |      37 |  38.9 |      22 |      13 |  37.1
        D:3 |     122 |     262 |  68.2 |      18 |       1 |   5.3
        D:4 |     323 |      43 |  11.7 |      13 |       8 |  38.1
        D:5 |     216 |       0 |   0.0 |      10 |       0 |   0.0
            +---------+---------+-------+---------+---------+-------
